[Event "Fagernes Chess Open 2025"]
[Site "Fagernes"]
[Date "2025.04.13"]
[Round "1.1"]
[White "Aroven, Mikael"]
[Black "Lien, Benjamin"]
[Result "1-0"]
[Annotator "NA"]
[ECO "C56"]
[WhiteElo "2145"]
[BlackElo "1733"]
[PlyCount "83"]
[EventDate "2025.04.12"]
[EventCountry "NOR"]
[SourceTitle "playchess.com"]
[Source "ChessBase"]
[SourceQuality "1"]
[TimeControl "40/6000+30:2400+30"]

1. e4 e5 2. Nf3 Nc6 3. d4 exd4 4. Bc4 Nf6 5. O-O Nxe4 6. Nxd4 d5 7. Nxc6 bxc6 8. Bd3 Nc5 9. Re1+ Be7 10. Bg5 Be6 11. Bxe7 Qxe7 12. Nd2 Qf6 13. Nf3 Nd7 14. c3 c5 15. Bb5 Rb8 16. Qa4 Rxb5 17. Qxb5 O-O 18. Qc6 Rb8 19. Re2 Bg4 20. Qxd5 c6 21. Qe4 Bf5 22. Qe3 Be6 23. Rd1 Bd5 24. b3 Bxf3 25. Qxf3 Qxf3 26. gxf3 Nf6 27. Red2 Kf8 28. Rd8+ Rxd8 29. Rxd8+ Ke7 30. Ra8 a5 31. Rxa5 Kd6 32. Ra7 Nd7 33. f4 h6 34. Kg2 g5 35. Kf3 f5 36. Rxd7+ Kxd7 37. c4 Ke6 38. Kg3 Kd7 39. fxg5 hxg5 40. h4 gxh4+ 41. Kxh4 Ke6 42. f4 1-0

[Event "Fagernes Chess Open 2025"]
[Site "Fagernes"]
[Date "2025.04.13"]
[Round "1.2"]
[White "Johansson, Henrik"]
[Black "Engkvist, Tomas"]
[Result "0-1"]
[Annotator "NA"]
[ECO "D05"]
[WhiteElo "1730"]
[BlackElo "1969"]
[PlyCount "44"]
[EventDate "2025.04.12"]
[EventCountry "NOR"]
[SourceTitle "playchess.com"]
[Source "ChessBase"]
[SourceQuality "1"]
[TimeControl "40/6000+30:2400+30"]

1. d4 d5 2. Nf3 Nf6 3. e3 e6 4. Bd3 Be7 5. b3 O-O 6. Bb2 c6 7. Nbd2 Nbd7 8. O-O g6 9. Ne5 Nh5 10. f4 Ng7 11. Rf3 f5 12. Rh3 Nxe5 13. dxe5 b6 14. Nf3 Bb7 15. Qe1 c5 16. Qg3 Rc8 17. Rf1 Qe8 18. Be2 Qf7 19. Rh6 Ne8 20. Ng5 Bxg5 21. fxg5 Kg7 22. Rf4 Nc7 0-1

[Event "Fagernes Chess Open 2025"]
[Site "Fagernes"]
[Date "2025.04.13"]
[Round "1.3"]
[White "Sivaparan, Isai"]
[Black "Lang, Gusztav Jr"]
[Result "1-0"]
[Annotator "NA"]
[ECO "B30"]
[WhiteElo "1944"]
[BlackElo "1729"]
[PlyCount "56"]
[EventDate "2025.04.12"]
[EventCountry "NOR"]
[SourceTitle "playchess.com"]
[Source "ChessBase"]
[SourceQuality "1"]
[TimeControl "40/6000+30:2400+30"]

1. e4 c5 2. Nf3 Nc6 3. Bb5 Nd4 4. Nxd4 cxd4 5. O-O a6 6. Ba4 e5 7. d3 Nf6 8. f4 Bd6 9. c3 Qb6 10. Kh1 O-O 11. Nd2 dxc3 12. Nc4 Qc7 13. bxc3 Nxe4 14. Nxd6 Nxd6 15. fxe5 Qxc3 16. Bf4 Nf5 17. Rc1 Qa5 18. d4 Qd5 19. Bc2 Nh4 20. Rf2 Ng6 21. Qd3 Qb5 22. Qg3 Nxf4 23. Qxf4 Qb6 24. Rf3 Qh6 25. Qxh6 gxh6 26. Rf6 Re8 27. Bb3 Re7 28. Rcf1 d6 1-0

[Event "Fagernes Chess Open 2025"]
[Site "Fagernes"]
[Date "2025.04.13"]
[Round "1.4"]
[White "Odden, Jan Ove"]
[Black "Abrahamsson, Roaul"]
[Result "0-1"]
[Annotator "NA"]
[ECO "C56"]
[WhiteElo "1720"]
[BlackElo "1920"]
[PlyCount "103"]
[EventDate "2025.04.12"]
[EventCountry "NOR"]
[SourceTitle "playchess.com"]
[Source "ChessBase"]
[SourceQuality "1"]
[TimeControl "40/6000+30:2400+30"]

1. e4 e5 2. Nf3 Nc6 3. Bc4 Nf6 4. d4 exd4 5. O-O Nxe4 6. Re1 d5 7. Bxd5 Qxd5 8. Nc3 Qh5 9. Nxe4 Be6 10. Neg5 O-O-O 11. Nxe6 fxe6 12. Ng5 Qxd1 13. Rxd1 Re8 14. Bd2 Bd6 15. c3 e5 16. Ne4 Rhf8 17. Rac1 Kb8 18. f3 Be7 19. Be1 Rd8 20. a3 a6 21. Bf2 dxc3 22. Nxc3 Rxd1+ 23. Rxd1 Rd8 24. Rxd8+ Bxd8 25. Kf1 Kc8 26. Ke2 Kd7 27. Kd3 Ke6 28. Ne4 b6 29. Be3 Bf6 30. Ng5+ Bxg5 31. Bxg5 Ne7 32. Ke4 Nd5 33. h4 h6 34. Bd2 Nf6+ 35. Kd3 Kd5 36. Bc3 h5 37. Ke3 c5 38. Kd3 g6 39. Ke3 Ke6 40. Kd3 Nd5 41. Bd2 b5 42. Ke4 Nf6+ 43. Kd3 Kd5 44. Bh6 Ne8 45. Bf8 Nc7 46. Bh6 Ne6 47. Ke3 c4 48. Kd2 Nf4 49. g3 Ne6 50. Ke3 a5 51. Kd2 Nd4 52. Ke3 0-1

[Event "Fagernes Chess Open 2025"]
[Site "Fagernes"]
[Date "2025.04.13"]
[Round "1.5"]
[White "Solbu, August"]
[Black "Smedsrud, Morten S"]
[Result "1-0"]
[Annotator "NA"]
[ECO "B13"]
[WhiteElo "1887"]
[BlackElo "1699"]
[PlyCount "71"]
[EventDate "2025.04.12"]
[EventCountry "NOR"]
[SourceTitle "playchess.com"]
[Source "ChessBase"]
[SourceQuality "1"]
[TimeControl "40/6000+30:2400+30"]

1. e4 c6 2. d4 d5 3. exd5 cxd5 4. Bd3 Nc6 5. c3 Nf6 6. h3 g6 7. Bf4 Bg7 8. Nf3 O-O 9. O-O Bf5 10. Bb5 Rc8 11. Bxc6 bxc6 12. Nbd2 c5 13. Ne5 cxd4 14. cxd4 Qb6 15. Nb3 Bc2 16. Qf3 Bxb3 17. axb3 Qxd4 18. Rfd1 Qxb2 19. Rxa7 e6 20. g4 Rc2 21. Nd3 Qxb3 22. Bd6 Qb6 23. Bxf8 Qxa7 24. Bb4 Ne4 25. Be1 Bd4 26. Rb1 Qc7 27. Kg2 Nd2 28. Bxd2 Rxd2 29. Rb4 Qc3 30. Rb8+ Kg7 31. Rb7 Qxd3 32. Qxf7+ Kh6 33. Qf4+ g5 34. Qf8+ Kg6 35. Qf7+ Kh6 36. Qh5# 1-0

[Event "Fagernes Chess Open 2025"]
[Site "Fagernes"]
[Date "2025.04.13"]
[Round "1.6"]
[White "Dybvik, Bjorn Noralf"]
[Black "Ali, Karim"]
[Result "0-1"]
[Annotator "NA"]
[ECO "C01"]
[WhiteElo "1686"]
[BlackElo "1876"]
[PlyCount "90"]
[EventDate "2025.04.12"]
[EventCountry "NOR"]
[SourceTitle "playchess.com"]
[Source "ChessBase"]
[SourceQuality "1"]
[TimeControl "40/6000+30:2400+30"]

1. e4 e6 2. d4 d5 3. exd5 exd5 4. Nf3 Bd6 5. Be2 Nf6 6. Bg5 h6 7. Bh4 Nc6 8. O-O g5 9. Bg3 Ne4 10. c4 Nxg3 11. hxg3 dxc4 12. Bxc4 O-O 13. Nc3 Bg4 14. Qc2 Kg7 15. Rad1 Bxf3 16. gxf3 Qf6 17. Qd3 Nb4 18. Qe2 Rfe8 19. Ne4 Qg6 20. Qd2 f5 21. Nxd6 Qxd6 22. d5 a5 23. a3 Na6 24. Bxa6 Qxa6 25. Qc3+ Kg6 26. Qxc7 Rac8 27. Qd7 Rcd8 28. Qa4 Re5 29. Qb3 a4 30. Qa2 Qd6 31. Qc4 Rxd5 32. Rxd5 Qxd5 33. Qc3 b5 34. Rc1 g4 35. Kg2 Qxf3+ 36. Qxf3 gxf3+ 37. Kxf3 Rd2 38. Rb1 Kg5 39. Ke3 Rc2 40. Kf3 h5 41. Kg2 f4 42. b3 fxg3 43. Kxg3 Rc3+ 44. f3 axb3 45. Rb2 h4+ 0-1

[Event "Fagernes Chess Open 2025"]
[Site "Fagernes"]
[Date "2025.04.13"]
[Round "1.7"]
[White "Arulmaran, Abishan"]
[Black "Andersen, Even Jorstad"]
[Result "1-0"]
[Annotator "NA"]
[ECO "B20"]
[WhiteElo "1858"]
[BlackElo "1681"]
[PlyCount "77"]
[EventDate "2025.04.12"]
[EventCountry "NOR"]
[SourceTitle "playchess.com"]
[Source "ChessBase"]
[SourceQuality "1"]
[TimeControl "40/6000+30:2400+30"]

1. e4 c5 2. a3 d5 3. exd5 Nf6 4. c4 e6 5. dxe6 Bxe6 6. Nf3 Nc6 7. Be2 Bd6 8. O-O O-O 9. Nc3 Bf4 10. d3 Bxc1 11. Rxc1 Bg4 12. h3 Bh5 13. g4 Bg6 14. Nh4 Nd4 15. Nxg6 hxg6 16. Bf3 Rb8 17. Bg2 g5 18. Re1 b6 19. Re5 Nd7 20. Rd5 Re8 21. Qa4 Re7 22. Rxg5 Ne5 23. Qd1 g6 24. f4 f6 25. Nd5 Re8 26. fxe5 fxg5 27. Nf6+ Kg7 28. Nxe8+ Qxe8 29. Qe1 Qe7 30. Qe4 Rf8 31. Re1 Rf4 32. Qd5 Nc2 33. Re4 Nd4 34. Re3 Rf7 35. e6 Rf6 36. Qd7 Kf8 37. Qc8+ Qe8 38. e7+ Kf7 39. Bd5+ 1-0

[Event "Fagernes Chess Open 2025"]
[Site "Fagernes"]
[Date "2025.04.13"]
[Round "1.8"]
[White "Lysen, Terje Kevin G"]
[Black "Brattgjerd, August Minh"]
[Result "1-0"]
[Annotator "NA"]
[ECO "C02"]
[WhiteElo "1667"]
[BlackElo "1845"]
[PlyCount "49"]
[EventDate "2025.04.12"]
[EventCountry "NOR"]
[SourceTitle "playchess.com"]
[Source "ChessBase"]
[SourceQuality "1"]
[TimeControl "40/6000+30:2400+30"]

1. e4 e6 2. d4 d5 3. e5 c5 4. c3 Bd7 5. Nf3 Qb6 6. a3 Bb5 7. Bxb5+ Qxb5 8. b4 cxd4 9. cxd4 a5 10. bxa5 Nc6 11. Bd2 Nxa5 12. a4 Qa6 13. Nc3 Ne7 14. Nb5 Kd7 15. O-O Nec6 16. Ng5 f6 17. Nxe6 Rc8 18. Nxf8+ Rcxf8 19. Qg4+ f5 20. Qxg7+ Ne7 21. e6+ Kd8 22. Bxa5+ Qxa5 23. Qe5 Qb6 24. Rac1 Rhg8 25. Qb8+ 1-0

[Event "Fagernes Chess Open 2025"]
[Site "Fagernes"]
[Date "2025.04.13"]
[Round "1.9"]
[White "Andersen, Guttorm"]
[Black "Sigvaldsen, Sebastian"]
[Result "1-0"]
[Annotator "NA"]
[ECO "D45"]
[WhiteElo "1842"]
[BlackElo "1613"]
[PlyCount "81"]
[EventDate "2025.04.12"]
[EventCountry "NOR"]
[SourceTitle "playchess.com"]
[Source "ChessBase"]
[SourceQuality "1"]
[TimeControl "40/6000+30:2400+30"]

1. d4 Nf6 2. c4 e6 3. Nc3 d5 4. Nf3 c6 5. e3 Bd6 6. Bd3 O-O 7. a3 Re8 8. O-O e5 9. dxe5 Bxe5 10. Qc2 Qc7 11. cxd5 cxd5 12. Nb5 Qxc2 13. Bxc2 Bd7 14. Nbd4 Bd6 15. b4 a6 16. Bb2 Be6 17. Rfd1 Nbd7 18. Nf5 Bc7 19. Rd4 Ne5 20. Rh4 Ng6 21. Bxf6 Nxh4 22. Bxh4 Rac8 23. Ne7+ Kf8 24. Nxc8 Rxc8 25. Nd4 Be5 26. Nxe6+ fxe6 27. Ra2 h6 28. g4 g5 29. Bg3 Bf6 30. Bd6+ Kf7 31. Bc5 Bd8 32. Bb3 b5 33. f4 Bf6 34. f5 Rd8 35. fxe6+ Kxe6 36. e4 Ke5 37. Bxd5 Kf4 38. Rf2+ Kxg4 39. Rxf6 h5 40. Be6+ Kh4 41. Bf2# 1-0

[Event "Fagernes Chess Open 2025"]
[Site "Fagernes"]
[Date "2025.04.13"]
[Round "1.10"]
[White "Jorgensen, Catherine"]
[Black "Yilmaz, Kazim"]
[Result "0-1"]
[Annotator "NA"]
[ECO "C50"]
[WhiteElo "1609"]
[BlackElo "1818"]
[PlyCount "80"]
[EventDate "2025.04.12"]
[EventCountry "NOR"]
[SourceTitle "playchess.com"]
[Source "ChessBase"]
[SourceQuality "1"]
[TimeControl "40/6000+30:2400+30"]

1. e4 e5 2. Nf3 Nc6 3. Bc4 Bc5 4. d4 Bxd4 5. Nxd4 Nxd4 6. Be3 Nc6 7. Qg4 Qf6 8. Qg3 Qg6 9. Nc3 Qxg3 10. fxg3 Nf6 11. Bg5 Nd4 12. O-O-O c6 13. Bxf6 gxf6 14. Rhf1 Ke7 15. Rf2 Rg8 16. Rdf1 Rg6 17. h4 h5 18. Ne2 Nxe2+ 19. Bxe2 Rh6 20. Rf5 d5 21. Rxh5 Rxh5 22. Bxh5 dxe4 23. g4 Be6 24. b3 b5 25. Kd2 Rg8 26. Rg1 Bxg4 27. Bxg4 Rxg4 28. h5 Kf8 29. Ke3 Kg7 30. Kf2 Rh4 31. g4 Rh2+ 32. Rg2 Rxg2+ 33. Kxg2 Kh6 34. Kf2 f5 35. gxf5 Kxh5 36. Ke3 f6 37. b4 Kg5 38. Kxe4 Kg4 39. a3 Kg5 40. c3 Kg4 0-1

[Event "Fagernes Chess Open 2025"]
[Site "Fagernes"]
[Date "2025.04.13"]
[Round "1.11"]
[White "Hansen, Thobias Gotaas"]
[Black "Warstad, Leif E"]
[Result "1-0"]
[Annotator "NA"]
[ECO "C10"]
[WhiteElo "1805"]
[BlackElo "1606"]
[PlyCount "57"]
[EventDate "2025.04.12"]
[EventCountry "NOR"]
[SourceTitle "playchess.com"]
[Source "ChessBase"]
[SourceQuality "1"]
[TimeControl "40/6000+30:2400+30"]

1. e4 c6 2. Nf3 d5 3. Nc3 e6 4. d4 dxe4 5. Nxe4 Nf6 6. Bd3 Be7 7. Qe2 Nbd7 8. O-O O-O 9. b3 Re8 10. Ne5 Nf8 11. c4 Nxe4 12. Qxe4 f6 13. Nf3 Bd6 14. Re1 Bd7 15. Bf4 Qc7 16. Bxd6 Qxd6 17. Rad1 Rad8 18. c5 Qd5 19. Nd2 f5 20. Qe3 Bc8 21. Nf3 Qd7 22. Bc4 Kh8 23. Ne5 Qe7 24. b4 Qf6 25. a4 a6 26. b5 axb5 27. axb5 Bd7 28. b6 Bc8 29. Be2 1-0

[Event "Fagernes Chess Open 2025"]
[Site "Fagernes"]
[Date "2025.04.13"]
[Round "1.12"]
[White "Ruud, Mikael"]
[Black "Stai, Sondre"]
[Result "0-1"]
[Annotator "NA"]
[ECO "D51"]
[WhiteElo "1588"]
[BlackElo "1786"]
[PlyCount "54"]
[EventDate "2025.04.12"]
[EventCountry "NOR"]
[SourceTitle "playchess.com"]
[Source "ChessBase"]
[SourceQuality "1"]
[TimeControl "40/6000+30:2400+30"]

1. d4 d5 2. c4 e6 3. Nc3 Nf6 4. Bg5 Nbd7 5. e3 Bb4 6. Qc2 h6 7. Bh4 c5 8. a3 Bxc3+ 9. Qxc3 g5 10. Bg3 Ne4 11. Qc2 Qa5+ 12. Kd1 b5 13. cxd5 exd5 14. dxc5 b4 15. c6 Ndc5 16. f3 b3 17. Qe2 Nxg3 18. hxg3 Bf5 19. Qd2 Bc2+ 20. Ke1 Qc7 21. Qxd5 Qxg3+ 22. Ke2 Bd3+ 23. Kd2 Bxf1 24. Qxc5 Qf2+ 25. Kc3 Qc2+ 26. Kb4 Rb8+ 27. Ka4 Qxc5 0-1

[Event "Fagernes Chess Open 2025"]
[Site "Fagernes"]
[Date "2025.04.13"]
[Round "1.13"]
[White "Digernes, Mikael"]
[Black "Bollestad, Leiv Ove"]
[Result "0-1"]
[Annotator "NA"]
[ECO "C45"]
[WhiteElo "1781"]
[BlackElo "1585"]
[PlyCount "66"]
[EventDate "2025.04.12"]
[EventCountry "NOR"]
[SourceTitle "playchess.com"]
[Source "ChessBase"]
[SourceQuality "1"]
[TimeControl "40/6000+30:2400+30"]

1. e4 e5 2. Nf3 Nc6 3. d4 exd4 4. Bc4 d6 5. Nxd4 Nxd4 6. Qxd4 Nf6 7. Nc3 Be7 8. O-O O-O 9. f4 b6 10. Qd3 Bb7 11. Bd2 Nd7 12. Rae1 Nc5 13. Qe2 a5 14. Nd5 c6 15. Nxe7+ Qxe7 16. f5 d5 17. f6 Qxe4 18. fxg7 Rfe8 19. Qf2 Qg6 20. Bd3 Nxd3 21. cxd3 Rxe1 22. Rxe1 c5 23. Re3 d4 24. Rg3 Qe6 25. Rh3 Qg4 26. Qf1 Re8 27. g3 Re2 28. Rh4 Qe6 29. Rh6 Qe8 30. Rxb6 Rg2+ 31. Qxg2 Bxg2 32. Kxg2 Qe2+ 33. Kh3 Qxd2 0-1

[Event "Fagernes Chess Open 2025"]
[Site "Fagernes"]
[Date "2025.04.13"]
[Round "1.14"]
[White "Holten, Terje"]
[Black "Kopperud, Vidar Aleksander"]
[Result "0-1"]
[Annotator "NA"]
[ECO "B92"]
[WhiteElo "1566"]
[BlackElo "1778"]
[PlyCount "76"]
[EventDate "2025.04.12"]
[EventCountry "NOR"]
[SourceTitle "playchess.com"]
[Source "ChessBase"]
[SourceQuality "1"]
[TimeControl "40/6000+30:2400+30"]

1. e4 c5 2. Nf3 d6 3. d4 cxd4 4. Nxd4 Nf6 5. Nc3 a6 6. Be2 e5 7. Nb3 Be7 8. O-O Be6 9. Be3 O-O 10. Bf3 Nbd7 11. Re1 b5 12. a3 Nb6 13. Nd2 Qc7 14. Rc1 Rac8 15. Bxb6 Qxb6 16. Nf1 Rc5 17. Ne3 g6 18. Ncd5 Bxd5 19. Nxd5 Nxd5 20. exd5 f5 21. c3 e4 22. b4 Rc7 23. Be2 Rfc8 24. Qd2 Bf6 25. Rf1 Rxc3 26. Rxc3 Rxc3 27. g4 e3 28. Qa2 exf2+ 29. Rxf2 Bd4 30. Bf1 Rf3 31. Qe2 Bxf2+ 32. Kg2 fxg4 33. Qe6+ Rf7 34. Qxg4 Bg1 35. Qc8+ Kg7 36. Qc3+ Qd4 37. Qc2 Rf2+ 38. Qxf2 Qxf2+ 0-1

[Event "Fagernes Chess Open 2025"]
[Site "Fagernes"]
[Date "2025.04.13"]
[Round "1.15"]
[White "Neukamm, Christian"]
[Black "Nebell, Anne Grete"]
[Result "1-0"]
[Annotator "NA"]
[ECO "C47"]
[WhiteElo "1776"]
[BlackElo "1561"]
[PlyCount "65"]
[EventDate "2025.04.12"]
[EventCountry "NOR"]
[SourceTitle "playchess.com"]
[Source "ChessBase"]
[SourceQuality "1"]
[TimeControl "40/6000+30:2400+30"]

1. e4 e5 2. Nf3 Nc6 3. Nc3 Nf6 4. a3 Be7 5. d4 d6 6. Bb5 a6 7. Bxc6+ bxc6 8. dxe5 Ng4 9. exd6 cxd6 10. h3 Ne5 11. Bf4 Ng6 12. Bg3 O-O 13. O-O Bb7 14. Qd2 Qc7 15. Rad1 Rad8 16. b3 Ne5 17. Nd4 Bc8 18. f4 Ng6 19. Qf2 f5 20. Qe2 Qb6 21. Qc4+ Kh8 22. Qxc6 Qa5 23. Be1 fxe4 24. Qxe4 Qb6 25. Nd5 Qa7 26. Bf2 Qb7 27. Rfe1 Rde8 28. Nxe7 Rxe7 29. Qxb7 Rxb7 30. f5 Ne5 31. Ne6 Bxe6 32. fxe6 Re7 33. Rxe5 1-0

[Event "Fagernes Chess Open 2025"]
[Site "Fagernes"]
[Date "2025.04.13"]
[Round "1.16"]
[White "Skotheim, Havard"]
[Black "Rynning, Rune Kleiven"]
[Result "0-1"]
[Annotator "NA"]
[ECO "B12"]
[WhiteElo "1548"]
[BlackElo "1776"]
[PlyCount "44"]
[EventDate "2025.04.12"]
[EventCountry "NOR"]
[SourceTitle "playchess.com"]
[Source "ChessBase"]
[SourceQuality "1"]
[TimeControl "40/6000+30:2400+30"]

1. e4 c6 2. d4 d5 3. e5 Bf5 4. Nc3 e6 5. Nge2 c5 6. f3 Nc6 7. g4 Qh4+ 8. Ng3 Bg6 9. Bb5 h5 10. Be3 a6 11. Bxc6+ bxc6 12. dxc5 hxg4 13. fxg4 Qxg3+ 14. Kd2 Rxh2+ 15. Rxh2 Qxh2+ 16. Kc1 d4 17. Bxd4 Rd8 18. Ne2 Bxc5 19. c3 Qh6+ 20. Qd2 Qh1+ 21. Qd1 Qe4 22. Qa4 Be7 0-1

[Event "Fagernes Chess Open 2025"]
[Site "Fagernes"]
[Date "2025.04.13"]
[Round "1.17"]
[White "Vollheim, Daniel O"]
[Black "Vatneodegard, Marie"]
[Result "1-0"]
[Annotator "NA"]
[ECO "A37"]
[WhiteElo "1764"]
[BlackElo "1538"]
[PlyCount "85"]
[EventDate "2025.04.12"]
[EventCountry "NOR"]
[SourceTitle "playchess.com"]
[Source "ChessBase"]
[SourceQuality "1"]
[TimeControl "40/6000+30:2400+30"]

1. c4 c5 2. Nc3 Nc6 3. g3 g6 4. Bg2 Bg7 5. Nf3 d6 6. d3 Bf5 7. Bf4 Qd7 8. h3 Nf6 9. Qd2 O-O 10. Bh6 Rab8 11. h4 Bg4 12. O-O Bh3 13. Bxg7 Kxg7 14. d4 Bxg2 15. Kxg2 cxd4 16. Nxd4 h5 17. Rfd1 a6 18. b3 Rfc8 19. Rac1 Ne5 20. Qg5 Kh7 21. Qf4 Qg4 22. Qxg4 Nexg4 23. Nf3 Rc5 24. Rd4 Kg7 25. e3 Rbc8 26. Na4 R5c6 27. Rcd1 b5 28. Nb2 Ne5 29. Nxe5 dxe5 30. R4d2 Kf8 31. Rd8+ Rxd8 32. Rxd8+ Kg7 33. Rb8 Nd7 34. Rb7 Rd6 35. cxb5 axb5 36. Rxb5 Kf6 37. Nc4 Ra6 38. a4 e6 39. Kf3 Rc6 40. a5 Kf5 41. Nb6 Nc5 42. Rxc5 Rxc5 43. e4+ 1-0

[Event "Fagernes Chess Open 2025"]
[Site "Fagernes"]
[Date "2025.04.13"]
[Round "1.18"]
[White "Jullum, Hege Ibsen"]
[Black "Kuzmenko, Mykhailo"]
[Result "0-1"]
[Annotator "NA"]
[ECO "D05"]
[WhiteElo "1484"]
[BlackElo "1747"]
[PlyCount "108"]
[EventDate "2025.04.12"]
[EventCountry "NOR"]
[SourceTitle "playchess.com"]
[Source "ChessBase"]
[SourceQuality "1"]
[TimeControl "40/6000+30:2400+30"]

1. d4 d5 2. Nf3 Nf6 3. e3 e6 4. Bd3 c5 5. b3 Nc6 6. O-O Be7 7. Bb2 h6 8. Nbd2 b6 9. Ne5 Bb7 10. Ndf3 O-O 11. a3 Qc7 12. Nd2 cxd4 13. exd4 Nxe5 14. dxe5 Nd7 15. Qe2 Nc5 16. Rac1 Nxd3 17. cxd3 Qd7 18. d4 a5 19. Rfd1 Ba6 20. Qe3 Rfc8 21. Nb1 Rxc1 22. Rxc1 Rc8 23. Nc3 Rc6 24. a4 Qc8 25. g3 Bb4 26. Na2 Rc2 27. Nxb4 axb4 28. Kg2 Qc7 29. Qe1 Bd3 30. g4 Qe7 31. Rxc2 Bxc2 32. Bc1 Bxb3 33. Bd2 Bxa4 34. Bxb4 Qc7 35. Qc3 Qc4 36. Kg3 Qf1 37. Qe1 Qd3+ 38. Qe3 Qb1 39. Qe1 Qd3+ 40. Qe3 Qf1 41. Qe1 Qd3+ 42. Qe3 Qd1 43. Qe1 Qxd4 44. Bc3 Qc4 45. Qd2 b5 46. f4 Bc2 47. Kh4 Qe4 48. Kg3 Bd3 49. Ba5 Be2 50. Qc3 d4 51. Qc8+ Kh7 52. h3 Qf3+ 53. Kh4 Qf2+ 54. Kh5 g6# 0-1

[Event "Fagernes Chess Open 2025"]
[Site "Fagernes"]
[Date "2025.04.13"]
[Round "1.19"]
[White "Gilsdottir, Sara"]
[Black "Wen, Liana"]
[Result "1-0"]
[Annotator "NA"]
[ECO "E91"]
[WhiteElo "1738"]
[BlackElo "1404"]
[PlyCount "123"]
[EventDate "2025.04.12"]
[EventCountry "NOR"]
[SourceTitle "playchess.com"]
[Source "ChessBase"]
[SourceQuality "1"]
[TimeControl "40/6000+30:2400+30"]

1. d4 Nf6 2. c4 g6 3. Nc3 Bg7 4. Nf3 O-O 5. e4 d6 6. Be2 Nbd7 7. O-O b6 8. Be3 Bb7 9. Qc2 Rc8 10. b4 c5 11. bxc5 dxc5 12. d5 Qc7 13. Nb5 Qb8 14. Rad1 Rfe8 15. Nd2 a6 16. Nc3 Ne5 17. h3 e6 18. f4 Ned7 19. e5 exd5 20. exf6 Rxe3 21. fxg7 d4 22. Ndb1 Qa8 23. Nd5 Bxd5 24. cxd5 Rce8 25. Bf3 Qd8 26. Nd2 Kxg7 27. Nc4 Rc3 28. Qa4 b5 29. Qxa6 bxc4 30. d6 Nb8 31. Qb5 Re6 32. Qxc5 Rxd6 33. Qb4 Na6 34. Qb2 Qa5 35. Rfe1 Nb4 36. Re7 Qxa2 37. Qxb4 Rf6 38. Rxd4 Rc1+ 39. Rd1 c3 40. Rxc1 c2 41. Qc3 Qb1 42. Qxc2 Qb6+ 43. Qc5 Qb8 44. Qe5 Qb6+ 45. Kh2 Qf2 46. Rc6 Qh4 47. Rxf6 Qxf6 48. Qxf6+ Kxf6 49. Ra7 h5 50. g4 h4 51. Kg2 Kg7 52. Kf2 Kf6 53. Ke3 Ke6 54. Ra6+ Ke7 55. Kd4 Kd7 56. Kc5 Kc7 57. Ra7+ Kb8 58. Rxf7 Kc8 59. Kd6 Kb8 60. Kc6 Ka8 61. Kb6+ Kb8 62. Rf8# 1-0